[Event "Titled Tuesday Blitz March 01 Late 2022"]
[White "Villegas, Pierre"]
[Black "Gelman, Alexander"]
[WhiteFideId "654183"]
[BlackFideId "4118316"]
[WhiteElo "2509"]
[BlackElo "2726"]
[Result "1-0"]
[Round "04"]
[TimeControl "180+1"]
[Date "2022.03.02"]
[WhiteClock "0:00:21"]
[BlackClock "0:00:16"]

1. c4 Nf6 2. Nc3 c5 3. g3 d6 4. Bg2 a6 5. a3 e6 6. Rb1 Be7 7. b4 O-O 8. Nf3 Qc7 9. d3 Nbd7 10. O-O Rb8 11. Bd2 b6 12. Qb3 Bb7 13. Rfc1 h6 14. Ne1 Bxg2 15. Nxg2 Rfc8 16. e4 Ne5 17. Ne1 Nfd7 18. Ne2 Bf6 19. Bc3 Qd8 20. d4 Nxc4 21. dxc5 b5 22. cxd6 Nxd6 23. Bxf6 Qxf6 24. Rxc8+ Rxc8 25. Qd3 Rc6 26. f4 Qe7 27. Rd1 Nb6 28. Nd4 Rc8 29. Nb3 Ndc4 30. Nc5 Na4 31. Nxa4 bxa4 32. Rc1 Qa7+ 33. Kh1 Qf2 34. Ng2 Nb6 35. Rxc8+ Nxc8 36. h3 Ne7 37. Qd8+ Kh7 38. Qxe7 Qxg3 39. Qxf7 Qxa3 40. f5 exf5 41. Qxf5+ Kg8 42. e5 Qxb4 43. e6 a3 44. Qf7+ Kh7 45. e7 a2 46. Qf5+ g6 47. Qf7+ 1-0


[Site "https://www.chess.com"]

[Event "Titled Tuesday Blitz March 01 Late 2022"]
[White "Wagner, Dennis"]
[Black "Toncheva, Nadya"]
[WhiteFideId "24650684"]
[BlackFideId "2924056"]
[WhiteElo "2355"]
[BlackElo "1920"]
[Result "0-1"]
[Round "04"]
[TimeControl "180+1"]
[Date "2022.03.02"]
[WhiteClock "0:00:02"]
[BlackClock "0:00:12"]

1. d4 Nf6 2. c4 e6 3. Nf3 c5 4. e3 cxd4 5. exd4 d5 6. Nc3 Be7 7. cxd5 Nxd5 8. Bd3 O-O 9. O-O b6 10. Nxd5 exd5 11. Ne5 Bf6 12. Qc2 h6 13. Re1 Be6 14. Bf4 Nd7 15. Nc6 Qc8 16. Rac1 Qb7 17. Qa4 a6 18. Qb4 Rac8 19. Qd6 Nc5 20. dxc5 Rxc6 21. Bh7+ Kxh7 22. Qxf8 bxc5 23. b3 Qb4 24. Re2 Qxf4 25. Rec2 Bd4 26. Qe8 Rd6 27. g3 Qf3 28. Kf1 Bh3+ 29. Ke1 Re6+ 30. Re2 Qxe2# 0-1


[Site "https://www.chess.com"]

[Event "Titled Tuesday Blitz March 01 Late 2022"]
[White "Weetik, Vjacheslav"]
[Black "Derraugh, Geordie"]
[WhiteFideId "4153472"]
[BlackFideId "2603950"]
[WhiteElo "2688"]
[BlackElo "2435"]
[Result "1-0"]
[Round "04"]
[TimeControl "180+1"]
[Date "2022.03.02"]
[WhiteClock "0:00:06"]
[BlackClock "0:00:01"]

1. d4 Nf6 2. Bf4 g6 3. Nf3 Bg7 4. Nc3 d5 5. e3 O-O 6. Be2 Ne4 7. Nxe4 dxe4 8. Ng5 Qd5 9. f3 exf3 10. Nxf3 c5 11. O-O cxd4 12. exd4 Nc6 13. c3 Bf5 14. Qb3 Qxb3 15. axb3 a5 16. Bb5 Bc2 17. Ra3 Rfc8 18. Rfa1 e5 19. dxe5 Bf8 20. Bxc6 Bxa3 21. Bxb7 Bc5+ 22. Kh1 Rcb8 23. Bxa8 Rxa8 24. b4 Bb6 25. bxa5 Rxa5 26. Rxa5 Bxa5 27. Be3 Kf8 28. b4 Bc7 29. Kg1 Be4 30. c4 Ke7 31. Bd4 Bd3 32. c5 Ke6 33. Kf2 Kd5 34. Ke3 Be4 35. b5 Ba5 36. c6 Bf5 37. Ng5 Bc2 38. Nxf7 Ba4 39. Nd6 Bc7 40. b6 Bxd6 41. exd6 Kxc6 42. Kf4 Kxd6 43. Kg5 Bc2 44. Kh6 Kc6 45. Kxh7 Be4 46. g3 1-0


[Site "https://www.chess.com"]

[Event "Titled Tuesday Blitz March 01 Late 2022"]
[White "Yordanov, Nikolay Plamenov"]
[Black "Kaplan, Ebru"]
[WhiteFideId "2907445"]
[BlackFideId "6315194"]
[WhiteElo "2248"]
[BlackElo "1941"]
[Result "1-0"]
[Round "04"]
[TimeControl "180+1"]
[Date "2022.03.02"]
[WhiteClock "0:00:09"]
[BlackClock "0:00:02"]

1. d4 d5 2. Bf4 Nf6 3. e3 c5 4. c3 e6 5. Nf3 Bd6 6. Bg3 Qc7 7. Nbd2 Nbd7 8. Bd3 O-O 9. O-O b6 10. e4 dxe4 11. Nxe4 Nxe4 12. Bxe4 Rb8 13. dxc5 Bxg3 14. hxg3 Nxc5 15. Bxh7+ Kxh7 16. Ng5+ Kg6 17. Qg4 e5 18. Qh4 Ne6 19. Qh7+ Kf6 20. f4 e4 21. Nxe4+ Ke7 22. f5 Bb7 23. fxe6 Bxe4 24. Qxg7 Qc5+ 25. Rf2 Kxe6 26. Re1 Kd5 27. b4 Qe7 28. Qd4+ Kc6 29. Rxe4 Qg5 30. Qc4+ Kb7 31. Rd4 Rbe8 32. Rd7+ 1-0


[Site "https://www.chess.com"]

[Event "Titled Tuesday Blitz March 01 Late 2022"]
[White "Yuan, Qingyu"]
[Black "Saraci, Nderim"]
[WhiteFideId "8609772"]
[BlackFideId "6351921"]
[WhiteElo "2359"]
[BlackElo "2573"]
[Result "1/2-1/2"]
[Round "04"]
[TimeControl "180+1"]
[Date "2022.03.01"]
[WhiteClock "0:00:03"]
[BlackClock "0:00:09"]

1. e4 c5 2. Nf3 e6 3. d4 cxd4 4. Nxd4 a6 5. Bd3 Bc5 6. Nb3 Ba7 7. Qg4 Qf6 8. O-O Nc6 9. Nc3 h5 10. Qg5 d6 11. Qg3 h4 12. Qxd6 Bb8 13. Qc5 Nh6 14. Qg5 Qxg5 15. Bxg5 Ng4 16. h3 Nge5 17. Be2 Ba7 18. Rad1 f6 19. Bc1 g5 20. Kh1 Ng6 21. Na4 Nf4 22. Bg4 e5 23. Bxc8 Rxc8 24. Be3 Ne6 25. Nac5 Nxc5 26. Bxc5 Bxc5 27. Nxc5 Nd4 28. c3 Rxc5 29. cxd4 exd4 30. Rxd4 Ke7 31. Rfd1 Rb8 32. Rd7+ Ke6 33. R1d6+ Ke5 34. Rb6 Rc6 35. Rb4 b5 36. Kh2 Ke6 37. Rd5 Rbc8 38. a4 Rc4 39. Rxc4 Rxc4 40. axb5 axb5 41. Rxb5 Rxe4 42. g3 hxg3+ 43. Kxg3 Re2 44. Rb6+ Kf5 45. b3 Rc2 46. Kf3 Rc3+ 47. Kg2 Kg6 48. Rb5 Rc2 49. Kg3 Rc3+ 50. f3 Kh5 51. b4 Rb3 52. Rf5 Kg6 53. Rb5 f5 54. Rb8 Rb1 55. Kg2 f4 56. Rb5 Rb2+ 57. Kg1 Kh5 58. Kf1 Kh4 59. Ke1 Rb3 60. Ke2 Re3+ 61. Kf2 Rb3 62. Ke2 Rb1 63. Kf2 Rb2+ 64. Kf1 Kg3 65. Rxg5+ Kxf3 66. Ke1 Rb1+ 67. Kd2 Rxb4 68. h4 Rd4+ 69. Ke1 Re4+ 70. Kd2 Re2+ 71. Kd1 Rh2 72. h5 Ke3 73. Re5+ Kd4 74. Rf5 Ke3 75. Re5+ Kf3 76. Rg5 Ke3 77. Re5+ 1/2-1/2


[Site "https://www.chess.com"]

[Event "Titled Tuesday Blitz March 01 Late 2022"]
[White "Yurtseven, Melih"]
[Black "Thavandiran, Shiyam"]
[WhiteFideId "6312160"]
[BlackFideId "2605058"]
[WhiteElo "2528"]
[BlackElo "2740"]
[Result "0-1"]
[Round "04"]
[TimeControl "180+1"]
[Date "2022.03.02"]
[WhiteClock "0:00:08"]
[BlackClock "0:00:10"]

1. Nf3 Nf6 2. g3 g6 3. Bg2 Bg7 4. O-O O-O 5. d3 d5 6. Nbd2 c5 7. e4 Nc6 8. Re1 Qc7 9. c3 b6 10. a4 Ba6 11. exd5 Nxd5 12. Nc4 Rad8 13. Qc2 Ndb4 14. cxb4 Nxb4 15. Qe2 Nxd3 16. Ncd2 Nxe1 17. Qxa6 Nd3 18. Rb1 Nxc1 19. Rxc1 Bxb2 20. Rc2 Bg7 21. h4 h6 22. Nc4 Rd1+ 23. Kh2 Rfd8 24. a5 Rb1 25. Ne3 Rb4 26. axb6 axb6 27. h5 g5 28. Nd2 e6 29. Ndc4 Bd4 30. Ng4 Kg7 31. Qa2 b5 32. Nce3 Ra4 33. Qb1 Qa5 34. Qd1 Bxe3 35. Qf3 Bd4 36. Re2 Qc7 37. Rd2 Qe7 38. Qb3 Rb4 39. Qd3 c4 40. Qc2 Rb2 41. Qc1 Rxd2 42. Qxd2 c3 43. Qd3 b4 44. Qc2 Rb8 45. Qb3 Qc5 46. Be4 Bxf2 47. Bb1 c2 48. Bxc2 Qc3 49. Nxf2 Qd2 50. Kg2 Rc8 51. Be4 Rc3 52. Qb1 b3 53. Bf3 Rc2 54. Qf1 b2 55. Be4 Rc1 56. Qd3 Qxd3 57. Bxd3 b1=Q 58. Bxb1 Rxb1 59. Kf3 Rb3+ 60. Ke4 Rb4+ 61. Ke5 Rb3 62. Ne4 Re3 63. Kd4 Rxe4+ 64. Kxe4 Kf6 65. g4 Ke7 66. Ke5 f6+ 67. Ke4 Kd6 68. Kd4 f5 0-1


[Site "https://www.chess.com"]

[Event "Titled Tuesday Blitz March 01 Late 2022"]
[White "Zakhartsov, Vladimir"]
[Black "Stankovic, Ivan G"]
[WhiteFideId "4145097"]
[BlackFideId "902837"]
[WhiteElo "2432"]
[BlackElo "2195"]
[Result "1-0"]
[Round "04"]
[TimeControl "180+1"]
[Date "2022.03.02"]
[WhiteClock "0:02:09"]
[BlackClock "0:01:02"]

1. c4 c5 2. Nc3 Nc6 3. Nf3 e5 4. g3 g6 5. Bg2 Bg7 6. O-O Nge7 7. Ne1 d6 8. Nc2 Be6 9. Ne3 Rb8 10. Ned5 a6 11. a4 O-O 12. d3 Nb4 13. Nxb4 cxb4 14. Nd5 Nxd5 15. cxd5 Bd7 16. a5 b6 17. axb6 Qxb6 18. Be3 Qb5 19. b3 Rbc8 20. Ra2 f5 21. Qd2 f4 22. gxf4 exf4 23. Bxf4 Bc3 24. Qe3 Rce8 25. Qg3 Rf6 26. Bxd6 Rxd6 27. Qxd6 Be5 28. Qxa6 Qb8 29. h3 Qd8 30. Qc4 Qg5 31. f4 Qg3 32. fxe5 Bxh3 33. Qe4 Rxe5 34. Qf3 1-0


[Site "https://www.chess.com"]

[Event "Titled Tuesday Blitz March 01 Late 2022"]
[White "Zhou, Qiyu"]
[Black "Cyfka, Karina"]
[WhiteFideId "505161"]
[BlackFideId "1122681"]
[WhiteElo "1925"]
[BlackElo "2180"]
[Result "1-0"]
[Round "04"]
[TimeControl "180+1"]
[Date "2022.03.02"]
[WhiteClock "0:00:14"]
[BlackClock "0:00:40"]

1. e4 e5 2. Nf3 Nc6 3. Bb5 a6 4. Ba4 Nf6 5. O-O Be7 6. Re1 b5 7. Bb3 O-O 8. h3 d5 9. exd5 Nxd5 10. Nxe5 Nxe5 11. Rxe5 Bb7 12. d4 Nf6 13. c3 Bd6 14. Re1 Ne4 15. Nd2 Ng5 16. Nf1 Qf6 17. Bxg5 Qxg5 18. Qg4 Qh6 19. Ng3 Bxg3 20. Qxg3 Qd6 21. Qxd6 cxd6 22. Re7 Bc6 23. Rae1 g6 24. d5 Be8 25. Rc7 Kg7 26. Ree7 Kf6 27. f4 a5 28. g4 h6 29. Kf2 g5 30. Kf3 gxf4 31. Kxf4 b4 32. c4 a4 33. Bc2 a3 34. b3 Rg8 35. h4 Rd8 36. Bf5 Rb8 37. Rb7 Rd8 38. Rec7 h5 39. g5+ Kg7 40. Rxb4 Kf8 41. Rbb7 Ra8 42. Ra7 Rb8 43. Rxa3 Rg7 44. Raa7 Kg8 45. Rcb7 Rd8 46. a4 Kf8 47. a5 Rg6 48. Bxg6 fxg6 49. Rh7 Kg8 50. Rag7+ Kf8 51. a6 Ra8 52. Ra7 Rb8 53. Rh8# 1-0


[Site "https://www.chess.com"]

[Event "Titled Tuesday Blitz March 01 Late 2022"]
[White "Adewumi, Tanitoluwa"]
[Black "Moral Garcia, Serafin"]
[WhiteFideId "30966396"]
[BlackFideId "2201925"]
[WhiteElo "2548"]
[BlackElo "2228"]
[Result "1/2-1/2"]
[Round "05"]
[TimeControl "180+1"]
[Date "2022.03.02"]
[WhiteClock "0:00:04"]
[BlackClock "0:00:32"]

1. Nf3 Nf6 2. d4 g6 3. c4 Bg7 4. Nc3 d5 5. cxd5 Nxd5 6. e3 O-O 7. Bc4 Nb6 8. Bb3 c5 9. dxc5 N6d7 10. Ne4 Na6 11. c6 bxc6 12. O-O Ndc5 13. Nxc5 Nxc5 14. Bc2 Ba6 15. Re1 Nd3 16. Bxd3 Qxd3 17. Qa4 Bb5 18. Qb4 a5 19. Qxe7 Rfe8 20. Qc5 a4 21. a3 Rad8 22. Qb4 Bf8 23. Qc3 Qxc3 24. bxc3 Bg7 25. Bb2 Bc4 26. Rad1 c5 27. Rd2 Bb3 28. e4 Bh6 29. Rxd8 Rxd8 30. Bc1 Bg7 31. e5 Rd3 32. Bd2 Bd5 33. Re3 Rxe3 34. Bxe3 Bxf3 35. gxf3 Bxe5 36. Bxc5 Bxc3 37. Kf1 Kg7 38. Ke2 Kf6 39. Kd3 Be1 40. Ke2 Ba5 41. Kd3 Kf5 42. Be3 Ke5 43. Kc4 f5 44. Kb5 Bc7 45. Kxa4 Kd5 46. h3 Kc4 47. f4 Bd8 48. Bd2 Bb6 49. Be3 Bc7 50. Bd2 Kd3 51. Be3 Kc4 52. Bc1 h6 53. Be3 Bd8 54. Ba7 Be7 55. Ka5 Bxa3 56. Kb6 Bc1 57. Kc6 Bxf4 58. Kd7 g5 59. Ke6 g4 60. hxg4 fxg4 61. Kf5 Bd2 62. Kxg4 Kd3 63. f3 Bc1 64. f4 Bxf4 65. Kxf4 h5 66. Kg5 h4 67. Kg4 1/2-1/2


[Site "https://www.chess.com"]

[Event "Titled Tuesday Blitz March 01 Late 2022"]
[White "Aldokhin, Ivan"]
[Black "Mekhitarian, Krikor Sevag"]
[WhiteFideId "24115720"]
[BlackFideId "2107660"]
[WhiteElo "2231"]
[BlackElo "2598"]
[Result "0-1"]
[Round "05"]
[TimeControl "180+1"]
[Date "2022.03.02"]
[WhiteClock "0:00:03"]
[BlackClock "0:00:14"]

1. e4 c5 2. Nf3 g6 3. d4 cxd4 4. Nxd4 Nc6 5. Nc3 Bg7 6. Be3 Nf6 7. Bc4 O-O 8. Bb3 Re8 9. O-O d6 10. h3 Na5 11. Qd3 a6 12. Nd5 Nxd5 13. exd5 Bd7 14. Rae1 Rc8 15. f4 Qc7 16. c3 Nc4 17. Bc1 Qc5 18. Bxc4 Qxc4 19. Qxc4 Rxc4 20. Nb3 Ra4 21. a3 Bb5 22. Rf2 Bc4 23. Na1 Bxd5 24. Nc2 Re4 25. Rxe4 Bxe4 26. Ne3 Rc8 27. f5 b5 28. Rf4 d5 29. g4 Be5 30. Rf2 d4 31. Nd1 gxf5 32. gxf5 f6 33. Bf4 dxc3 34. Nxc3 Bxc3 35. bxc3 Rxc3 36. Re2 Rc4 37. Bd2 Kf7 38. Bb4 a5 39. Bxa5 Bxf5 40. Bb4 e5 41. Kg2 Ke6 42. Kg3 h5 43. Re3 h4+ 44. Kg2 Rc2+ 45. Kg1 Rc4 46. Rf3 Be4 47. Re3 f5 48. Re1 f4 49. Rd1 Kf5 50. Rd8 Bf3 51. Re8 e4 52. Rf8+ Ke5 53. Ba5 e3 54. Re8+ Kd5 55. Rd8+ Ke4 0-1


[Site "https://www.chess.com"]

[Event "Titled Tuesday Blitz March 01 Late 2022"]
[White "Alfaro, William"]
[Black "Desideri, Ricardo Maruchi"]
[WhiteFideId "6100457"]
[BlackFideId "2110440"]
[WhiteElo "2066"]
[BlackElo "1945"]
[Result "1-0"]
[Round "05"]
[TimeControl "180+1"]
[Date "2022.03.02"]
[WhiteClock "0:01:08"]
[BlackClock "0:00:18"]

1. d4 Nf6 2. c4 c5 3. d5 e6 4. Nc3 exd5 5. cxd5 d6 6. e4 g6 7. Bf4 a6 8. a4 Bg7 9. Bd3 O-O 10. Nf3 Bg4 11. h3 Bxf3 12. Qxf3 Nbd7 13. Bxd6 Qb6 14. Bxf8 Qxb2 15. O-O Qxc3 16. Bxg7 Kxg7 17. Rac1 Qa3 18. Qe2 Ne5 19. Bb1 c4 20. f4 Nd3 21. Rxc4 b5 22. Rd4 Nb2 23. axb5 axb5 24. f5 g5 25. e5 Nd7 26. f6+ Kg8 27. Qe4 Nf8 28. e6 Re8 29. e7 Ng6 30. d6 1-0


[Site "https://www.chess.com"]

[Event "Titled Tuesday Blitz March 01 Late 2022"]
[White "Al-Tarboush, Ward"]
[Black "Paravyan, David"]
[WhiteFideId "7601450"]
[BlackFideId "4194985"]
[WhiteElo "2276"]
[BlackElo "2569"]
[Result "0-1"]
[Round "05"]
[TimeControl "180+1"]
[Date "2022.03.02"]
[WhiteClock "0:00:07"]
[BlackClock "0:00:37"]

1. e4 e5 2. Nf3 Nf6 3. Nxe5 d6 4. Nf3 Nxe4 5. d4 d5 6. Bd3 Bd6 7. O-O O-O 8. c4 c6 9. Re1 Bf5 10. Qc2 Na6 11. a3 Re8 12. Nc3 Qf6 13. Nxe4 dxe4 14. Bxe4 Rxe4 15. Rxe4 Qg6 16. Nd2 Bf4 17. f3 Be3+ 18. Kh1 Bxd4 19. Nb3 Bxe4 20. Qxe4 Qxe4 21. fxe4 Be5 22. Rb1 Rd8 23. Bg5 f6 24. Bh4 Rd3 25. Na5 Nc5 26. b4 Nxe4 27. Nxb7 Rxa3 28. Be1 h5 29. g3 Ra2 30. Na5 c5 31. Nc6 Bc3 32. b5 Ra4 33. Bxc3 Nxc3 34. Rc1 Ne4 35. Re1 f5 36. Ne7+ Kh7 37. Nxf5 Rxc4 38. Ra1 Kg6 39. Ne7+ Kg5 40. Rxa7 Kg4 41. Nd5 Rc1+ 42. Kg2 Rc2+ 43. Kh1 Kf3 44. Ra3+ Kf2 45. Ra1 Rb2 46. b6 c4 47. Rc1 c3 48. Nf4 Rxb6 49. Rc2+ Kf3 50. Rc1 c2 51. Rf1+ Nf2+ 52. Kg1 Rb1 0-1


[Site "https://www.chess.com"]

[Event "Titled Tuesday Blitz March 01 Late 2022"]
[White "Antonova, Nadezhda"]
[Black "Tomiello, Mateus Costamilan"]
[WhiteFideId "14700182"]
[BlackFideId "22701958"]
[WhiteElo "1765"]
[BlackElo "1975"]
[Result "0-1"]
[Round "05"]
[TimeControl "180+1"]
[Date "2022.03.02"]
[WhiteClock "0:00:16"]
[BlackClock "0:01:15"]

1. Nf3 Nf6 2. b3 g6 3. Bb2 Bg7 4. g3 O-O 5. Bg2 d6 6. d4 Ne4 7. O-O c5 8. Nbd2 Nxd2 9. Qxd2 Nc6 10. c4 cxd4 11. Nxd4 Bd7 12. e4 a6 13. Rad1 Rc8 14. Rfe1 Qc7 15. Ne2 b5 16. Bxg7 Kxg7 17. cxb5 axb5 18. Nc3 Qa5 19. Qb2 f6 20. Nd5 Be6 21. Nf4 Bf7 22. Bh3 Rc7 23. Be6 g5 24. Bxf7 gxf4 25. Bd5 Ne5 26. gxf4 Nf3+ 27. Kg2 Nxe1+ 28. Kh3 Qc3+ 0-1


[Site "https://www.chess.com"]

[Event "Titled Tuesday Blitz March 01 Late 2022"]
[White "Ardila, Oscar Humberto"]
[Black "Martin Barcelo, Carles"]
[WhiteFideId "4404742"]
[BlackFideId "24561444"]
[WhiteElo "1898"]
[BlackElo "1875"]
[Result "0-1"]
[Round "05"]
[TimeControl "180+1"]
[Date "2022.03.02"]
[WhiteClock "0:00:04"]
[BlackClock "0:00:10"]

1. d4 Nf6 2. c4 g6 3. Nc3 Bg7 4. e4 d6 5. Nf3 O-O 6. Be2 e5 7. d5 Bg4 8. h3 Bxf3 9. Bxf3 Na6 10. O-O Nc5 11. b4 Ncd7 12. Be3 Ne8 13. c5 f5 14. c6 Ndf6 15. cxb7 Rb8 16. Bxa7 Rxb7 17. Qa4 Qa8 18. Nb5 fxe4 19. Be2 Kh8 20. Rad1 Bh6 21. Bc4 Ng7 22. Qa6 Rb6 23. Qa5 Rb7 24. a4 Nfh5 25. g3 Qc8 26. Be3 Nf5 27. Bxh6 Nxh6 28. Kg2 Rf3 29. Be2 Nf4+ 30. gxf4 Qxh3+ 31. Kg1 Rxf4 32. Qa8+ Kg7 33. Qxb7 Ng4 34. Qxc7+ Kh6 35. Rfe1 Qh2+ 36. Kf1 Qxf2# 0-1


[Site "https://www.chess.com"]

[Event "Titled Tuesday Blitz March 01 Late 2022"]
[White "Avila Pavas, Santiago"]
[Black "Van Foreest, Jorden"]
[WhiteFideId "4437128"]
[BlackFideId "1039784"]
[WhiteElo "2242"]
[BlackElo "2609"]
[Result "0-1"]
[Round "05"]
[TimeControl "180+1"]
[Date "2022.03.01"]
[WhiteClock "0:00:05"]
[BlackClock "0:01:00"]

1. d4 d5 2. Bf4 Nf6 3. e3 c5 4. c3 Qb6 5. Qb3 Nc6 6. Nd2 cxd4 7. exd4 e6 8. Ngf3 Bd7 9. h3 Be7 10. Bd3 O-O 11. O-O Rac8 12. Rfe1 Rfd8 13. Rab1 g6 14. Qd1 Ne8 15. Qe2 Bd6 16. Bxd6 Nxd6 17. h4 Re8 18. Qe3 Qd8 19. h5 Qf6 20. hxg6 hxg6 21. Qh6 Qg7 22. Qh2 Nf5 23. Ng5 Qh6 24. Qf4 f6 25. Nh3 Qxf4 26. Nxf4 Kf7 27. f3 Nce7 28. Kf2 g5 29. Ne2 Ng6 30. g3 e5 31. Rh1 Kg7 32. g4 Nd6 33. Ng3 Rh8 34. Nh5+ Kf7 35. Rbe1 Rce8 36. Nb3 e4 37. Bb1 b6 38. Nd2 Nh4 39. fxe4 dxe4 40. Nxe4 Nxe4+ 41. Bxe4 Bxg4 42. Ng3 f5 43. Bd5+ Kf6 44. Rxe8 Rxe8 45. c4 f4 46. Ne4+ Kg6 47. Nd6 Re2+ 48. Kf1 Rxb2 49. Rxh4 gxh4 50. c5 bxc5 51. dxc5 f3 52. c6 h3 53. c7 h2 54. Bxf3 Bxf3 0-1


[Site "https://www.chess.com"]

[Event "Titled Tuesday Blitz March 01 Late 2022"]
[White "Bilych, Olexiy"]
[Black "Bryakin, Mikhail"]
[WhiteFideId "14156504"]
[BlackFideId "4165314"]
[WhiteElo "2195"]
[BlackElo "2421"]
[Result "1-0"]
[Round "05"]
[TimeControl "180+1"]
[Date "2022.03.01"]
[WhiteClock "0:00:06"]
[BlackClock "0:00:16"]

1. d4 Nf6 2. c4 g6 3. Nc3 d5 4. cxd5 Nxd5 5. e4 Nxc3 6. bxc3 c5 7. Be3 Bg7 8. Qd2 O-O 9. Rc1 Qa5 10. d5 b6 11. h4 Ba6 12. c4 Qxd2+ 13. Kxd2 Nd7 14. h5 f5 15. exf5 gxf5 16. Nh3 Ne5 17. Nf4 Bc8 18. Be2 Bd7 19. h6 Bf6 20. Nh5 Bh8 21. Rhe1 Ng6 22. g3 e5 23. f4 Rae8 24. fxe5 Bxe5 25. Rf1 Bxg3 26. Nxg3 f4 27. Bf2 fxg3 28. Bxg3 Rf5 29. Bd3 Rh5 30. Rh1 Rg5 31. Bd6 Rg2+ 32. Kc3 Re3 33. Rce1 Rf3 34. Rhf1 Rh3 35. Rh1 Rxh1 36. Rxh1 Rxa2 37. Bxg6 Ra3+ 38. Kb2 Re3 39. Bc2 Re2 40. Rg1+ Kf7 41. Rg7+ Ke8 42. Rxh7 Rxc2+ 43. Kxc2 Bf5+ 44. Kc3 Bxh7 45. Bb8 Kd7 46. Bxa7 Kc7 47. Kd2 Kb7 48. d6 Kc6 49. Bb8 Kd7 50. Ke3 Ke6 51. Bc7 Kd7 52. Kf4 Bd3 53. Ke5 Kc6 54. Ke6 Bxc4+ 55. Ke7 Bd3 56. d7 Bf5 57. d8=Q Kb5 58. Bxb6 Kc4 59. Bxc5 Bd3 60. Qd4+ Kb5 61. Qxd3+ Kc6 62. h7 Kxc5 63. h8=Q Kb4 64. Qhc3+ Ka4 65. Qa6# 1-0


[Site "https://www.chess.com"]

[Event "Titled Tuesday Blitz March 01 Late 2022"]
[White "Bon, Michael"]
[Black "Sadilek, Peter"]
[WhiteFideId "620696"]
[BlackFideId "1616439"]
[WhiteElo "2395"]
[BlackElo "2145"]
[Result "0-1"]
[Round "05"]
[TimeControl "180+1"]
[Date "2022.03.02"]
[WhiteClock "0:00:02"]
[BlackClock "0:00:06"]

1. e4 e6 2. Nf3 d5 3. e5 c5 4. b4 cxb4 5. a3 Nc6 6. axb4 Bxb4 7. c3 Be7 8. d4 f6 9. Bd3 fxe5 10. dxe5 Nh6 11. Bxh6 gxh6 12. Nd4 O-O 13. Qg4+ Kh8 14. Nxe6 Rg8 15. Qf5 Rg6 16. Nxd8 Bxf5 17. Bxf5 Rxd8 18. Bxg6 hxg6 19. O-O Nxe5 20. Rxa7 Bc5 21. Rxb7 Nd3 22. Rf7 Re8 23. Rf3 Ne5 24. Rg3 g5 25. Nd2 Ng6 26. Nb3 Bb6 27. Nd4 Nf4 28. Re3 Rc8 29. g3 Nh3+ 30. Kg2 g4 31. Rb1 Bxd4 32. cxd4 Ng5 33. Rb6 Kh7 34. Re7+ Kg8 0-1


[Site "https://www.chess.com"]

[Event "Titled Tuesday Blitz March 01 Late 2022"]
[White "Bortnyk, Olexandr"]
[Black "Abdrlauf, Elham"]
[WhiteFideId "14120828"]
[BlackFideId "1533533"]
[WhiteElo "2723"]
[BlackElo "2334"]
[Result "0-1"]
[Round "05"]
[TimeControl "180+1"]
[Date "2022.03.01"]
[WhiteClock "0:00:01"]
[BlackClock "0:00:22"]

1. e4 c6 2. c4 d5 3. cxd5 cxd5 4. exd5 Nf6 5. Qa4+ Nbd7 6. Nc3 g6 7. Bc4 Bg7 8. Nf3 O-O 9. d3 Nb6 10. Qb3 Bg4 11. Ne5 Qc7 12. d4 Nxc4 13. Nxc4 Rad8 14. Ne3 Bc8 15. O-O Ng4 16. Nxg4 Bxg4 17. Be3 a6 18. Rac1 Qd7 19. a4 b5 20. axb5 axb5 21. Rfe1 Rb8 22. Qb4 Rfe8 23. Bf4 Rbc8 24. Be5 Bh6 25. Ra1 Bd2 26. Re4 Bf5 27. Re2 Bxc3 28. bxc3 Qxd5 29. Re3 Ra8 30. Rxa8 Rxa8 31. h3 f6 32. Bc7 Re8 33. Rxe7 Rxe7 34. Qxe7 Qd7 35. Qc5 Be6 36. Bd6 Kf7 37. f3 Bc4 38. Kh2 g5 39. Qb6 Qe6 40. Qc7+ Kg6 41. Bf8 Qf7 42. Be7 Qe6 43. Qd8 h5 44. Qe8+ Qf7 45. Qd7 Qe6 46. Qe8+ Qf7 47. Qd8 Qe6 48. Qc7 Bf1 49. Bc5 Qe2 50. Qg3 h4 51. Qg4 f5 0-1


[Site "https://www.chess.com"]

[Event "Titled Tuesday Blitz March 01 Late 2022"]
[White "Burke, Paul"]
[Black "Glavina, Pablo"]
[WhiteFideId "2605767"]
[BlackFideId "100234"]
[WhiteElo "1818"]
[BlackElo "2369"]
[Result "0-1"]
[Round "05"]
[TimeControl "180+1"]
[Date "2022.03.02"]
[WhiteClock "0:01:59"]
[BlackClock "0:01:29"]

1. e4 e5 2. Nf3 Nc6 3. Bc4 Nf6 4. d4 exd4 5. O-O Nxe4 6. Re1 d5 7. Bxd5 Qxd5 8. Nc3 Qh5 9. Nxe4 Be6 10. Neg5 O-O-O 11. Nxe6 fxe6 12. Qe2 e5 13. Nxe5 Qxe2 14. Rxe2 Re8 15. f4 Bd6 16. Bd2 Nxe5 17. fxe5 Rxe5 18. Rxe5 Bxe5 19. Re1 Re8 20. Bf4 d3 21. Rxe5 Rxe5 22. Bxe5 d2 0-1


[Site "https://www.chess.com"]

[Event "Titled Tuesday Blitz March 01 Late 2022"]
[White "Calcada, Lucas Galvan"]
[Black "Pace, Christopher"]
[WhiteFideId "22746099"]
[BlackFideId "2610167"]
[WhiteElo "1402"]
[BlackElo "2207"]
[Result "1-0"]
[Round "05"]
[TimeControl "180+1"]
[Date "2022.03.02"]
[WhiteClock "0:00:56"]
[BlackClock "0:00:07"]

1. e4 c5 2. Nf3 d6 3. d4 cxd4 4. Nxd4 Nf6 5. Nc3 a6 6. Be3 Ng4 7. Bg5 h6 8. Bh4 g5 9. Bg3 Bg7 10. Be2 Ne5 11. Qd2 Nbc6 12. Nb3 Be6 13. Nd5 Rc8 14. c3 Ng6 15. a4 h5 16. f3 h4 17. Bf2 Bxd5 18. exd5 Nce5 19. Qxg5 Bh6 20. Qf5 Nf4 21. Bf1 Nxd5 22. a5 e6 23. Qc2 Ke7 24. Bxh4+ f6 25. Bf2 Qg8 26. Nd4 Nf4 27. g3 Nd5 28. Qb3 Rc7 29. Be2 Qg5 30. f4 Nxf4 31. gxf4 Qxf4 32. Qxe6+ Kd8 33. Qxd6+ Kc8 34. Qxc7+ Kxc7 35. Ne6+ Kd6 36. Nxf4 Bxf4 37. h4 1-0


[Site "https://www.chess.com"]

[Event "Titled Tuesday Blitz March 01 Late 2022"]
[White "Cardoso Cardoso, Jose Gabriel"]
[Black "Ezat, Mohamed"]
[WhiteFideId "4430492"]
[BlackFideId "10600906"]
[WhiteElo "2451"]
[BlackElo "2386"]
[Result "0-1"]
[Round "05"]
[TimeControl "180+1"]
[Date "2022.03.01"]
[WhiteClock "0:00:07"]
[BlackClock "0:00:41"]

1. e4 c6 2. d4 d5 3. f3 e6 4. Be3 Nf6 5. e5 Nfd7 6. f4 c5 7. Nf3 Nc6 8. Nc3 a6 9. Qd2 b5 10. a3 Rb8 11. Nd1 b4 12. axb4 Rxb4 13. c3 Rb8 14. Bd3 g6 15. O-O Qb6 16. g4 h5 17. h3 hxg4 18. hxg4 a5 19. Kg2 Ba6 20. Kg3 f5 21. exf6 Nxf6 22. Bxg6+ Kd7 23. Rg1 Rg8 24. Nh4 Rxg6 25. Nf2 Rg8 26. Nf3 Qxb2 27. Qe1 Qe2 28. Qc1 Ne4+ 29. Nxe4 dxe4 30. Nh2 Rb2 0-1


[Site "https://www.chess.com"]

[Event "Titled Tuesday Blitz March 01 Late 2022"]
[White "Carre, Sylvain"]
[Black "Scalzo, Antonio R"]
[WhiteFideId "642118"]
[BlackFideId "2079674"]
[WhiteElo "2105"]
[BlackElo "2302"]
[Result "0-1"]
[Round "05"]
[TimeControl "180+1"]
[Date "2022.03.02"]
[WhiteClock "0:00:07"]
[BlackClock "0:01:22"]

1. d4 Nf6 2. Bf4 c5 3. d5 e6 4. Nc3 exd5 5. Nxd5 d6 6. Nf3 Nc6 7. e3 Nxd5 8. Qxd5 Be6 9. Qd2 Be7 10. a3 O-O 11. Be2 d5 12. Rd1 Qb6 13. b3 Rfd8 14. O-O Rd7 15. Ne5 Nxe5 16. Bxe5 Rad8 17. Bc3 Qc6 18. a4 b6 19. Bb5 Qc8 20. Bxd7 Rxd7 21. Qe2 Rd8 22. Rd2 Re8 23. Qf3 Bd6 24. Bb2 Bb8 25. h3 Qc7 26. Rfd1 Qh2+ 27. Kf1 d4 28. e4 Bc8 29. c4 dxc3 30. Rd8 Ba6+ 31. R1d3 Rxd8 0-1


[Site "https://www.chess.com"]